 Dungeon Crawl Stone Soup version 0.23.1 (webtiles) character file.

Game seed: 7038357674592636285

79 Kairos the Sneak (level 4, -2/22 HPs)
             Began as a Vine Stalker Enchanter on Mar 11, 2019.
             Slain by an adder (3 damage)
             ... on level 2 of the Dungeon.
             The game lasted 00:02:11 (1635 turns).

Kairos the Sneak (Vine Stalker Enchanter)           Turns: 1635, Time: 00:02:12

Health: -2/22      AC:  2    Str: 10    XL:     4   Next: 37%
Magic:  0/8        EV: 12    Int: 15    God:
Gold:   147        SH:  4    Dex: 16    Spells: 6/7 levels left

rFire    . . .     SeeInvis +   j - +3 dagger
rCold    . . .     Gourm    .   (no shield)
rNeg     . . .     Faith    .   b - +0 robe
rPois    .         Spirit   +   (no helmet)
rElec    .         Reflect  +   (no cloak)
rCorr    .         Harm     .   (no gloves)
MR       .....                  (no boots)
Stlth    +++.......             f - +4 amulet of reflection
HPRegen  0.47/turn              l - ring of see invisible
MPRegen  0.11/turn              (no ring)

@: lethally poisoned (-2 -> -6)
A: fangs 2, regeneration 1, magic shield, antimagic bite, no potion heal 3, rot
immunity
a: no special abilities


You were on level 2 of the Dungeon.
You were not hungry.

You visited 1 branch of the dungeon, and saw 2 of its levels.

You collected 147 gold pieces.

Inventory:

Hand Weapons
 j - a +3 dagger (weapon)
Armour
 b - a +0 robe (worn)
Jewellery
 f - a +4 amulet of reflection (around neck)
 l - a ring of see invisible (left hand)
Scrolls
 e - a scroll of identify {unknown}
 g - 2 scrolls of remove curse
 i - a scroll of enchant weapon {unknown}
 k - a scroll of enchant armour {unknown}
 m - 2 scrolls of teleportation {unknown}
Potions
 a - a potion of cancellation {unknown}
 c - a potion of curing {unknown}
 h - a potion of brilliance {unknown}
Comestibles
 d - 7 rations


   Skills:
 + Level 1.0 Fighting
 + Level 1.8 Short Blades
 + Level 1.9 Dodging
 + Level 4.6 Stealth
 + Level 2.2 Spellcasting
 + Level 3.4 Hexes


You had 6 spell levels left.
You knew the following spells:

 Your Spells              Type           Power        Failure   Level  Hunger
a - Corona                Hex            ##.....      5%          1    #......

Your spell library contained the following spells:

 Spells                   Type           Power        Failure   Level  Hunger
 Ensorcelled Hibernation  Hex/Ice        #.....       16%         2    ###....
 Confuse                  Hex            ##......     16%         3    ###....
 Tukima's Dance           Hex            ##......     16%         3    ###....
 Dazzling Spray           Conj/Hex       #.....       32%         3    ###....


Dungeon Overview and Level Annotations

Branches:
Dungeon (2/15)

Altars:
The Shining One


Innate Abilities, Weirdness & Mutations

You have extremely sharp teeth.
Your natural rate of healing is unusually fast.
When hurt, damage is shared between your health and your magic reserves.
Your bite disrupts and absorbs the magic of your enemies.
Potions cannot restore your health.
You are immune to rotting.


Message History

The adder is almost dead.
The adder bites you but does no damage. The adder barely misses you.
You closely miss the adder. Your bite misses the adder.
The adder is almost dead.
You feel sick. The dart slug launches a dart at you. The slug dart misses you.
The adder barely misses you.
You closely miss the adder. Your bite misses the adder.
The adder is almost dead.
You feel sick. The adder bites you.
* * * LOW HITPOINT WARNING * * *
You are lethally poisoned!
The adder poisons you! The dart slug launches a dart at you.
The slug dart hits you.
* * * LOW HITPOINT WARNING * * *
It was a potion of heal wounds.
That seemed strangely inert.
* * * LOW HITPOINT WARNING * * *
You feel sick. The adder bites you.
You die...

#............#.####.
##...................
#....................
#.......##...........
#......).............
#....................
####.................
###..................
#...@.............###
#..wS........†....#
#....###..........#
#....# #..........#
#....# #............
#....# #.............
#....# #.............
#....# #########...!.


You could see an adder and a dart slug.

Vanquished Creatures
  3 adders (D:2)
  A worm (D:2)
  3 dart slugs
  5 leopard geckos
  A ball python (D:1)
  5 bats
  A giant cockroach (D:2)
  2 goblins (D:1)
  4 hobgoblins
  5 kobolds
  7 frilled lizards
  5 rats
42 creatures vanquished.

Notes
Turn   | Place    | Note
-------+----------+-------------------------------------------
     0 | D:1      | Kairos the Vine Stalker Enchanter began the quest for the
                  | Orb.
     0 | D:1      | Reached XP level 1. HP: 9/9 MP: 4/4
   205 | D:1      | Reached skill level 4 in Stealth
   205 | D:1      | Reached XP level 2. HP: 1/13 MP: 1/6
   573 | D:1      | Reached skill level 1 in Short Blades
   607 | D:1      | Reached XP level 3. HP: 11/17 MP: 5/7
  1290 | D:2      | Gained mutation: Your natural rate of healing is unusually
                  | fast. [Vine Stalker growth]
  1290 | D:2      | Reached XP level 4. HP: 15/21 MP: 6/8
  1467 | D:2      | Reached skill level 1 in Fighting
  1556 | D:2      | Found a glowing golden altar of the Shining One.
  1635 | D:2      | HP: 1/22 [poisoned by an adder]
  1635 | D:2      | Slain by an adder

Skill      XL: |  1  2  3  4 |
---------------+-------------+-----
Stealth        | 4 |  4.6
Short Blades   | 1 |  1.8
Fighting       | 1 |  1.0
Dodging        | |  1.9
Spellcasting   | |  2.2
Hexes          | |  3.4

Action                   |  1- 3 |  4- 6 || total
-------------------------+-------+-------++-------
Melee: Dagger            |    78 |    39 ||   117
       Bite              |    15 |     7 ||    22
 Cast: Corona            |     1 |       ||     1
  Use: Scroll            |     1 |       ||     1
       Potion            |       |     1 ||     1
 Stab: Distracted        |     1 |       ||     1
       Sleeping          |     6 |     2 ||     8
  Eat: Chunk             |       |     2 ||     2
Armor: Robe              |    16 |     6 ||    22
Dodge: Dodged            |    39 |    22 ||    61
Block: Other             |     7 |     2 ||     9
